 Dungeon Crawl Stone Soup version 0.31-a0-595-g4209ae197b (webtiles) character file.

Game seed: 10085401459519379842

3290 AdnanSaban the Basher (level 10, -3/63 HPs)
             Began as a Gargoyle Fighter on Aug 20, 2023.
             Was a Follower of Okawaru.
             Slain by a yak (9 damage)
             ... on level 8 of the Dungeon.
             The game lasted 00:06:59 (6672 turns).

AdnanSaban the Basher (Gargoyle Fighter)            Turns: 6672, Time: 00:07:00

Health: -3/63      AC: 31    Str: 21    XL:     10   Next: 1%
Magic:  10/10      EV:  8    Int: 10    God:    Okawaru [*.....]
Gold:   408        SH:  5    Dex:  9    Spells: 9/9 levels left

rFire   + + .        a - +0 flail
rCold   . . .        c - +0 buckler
rNeg    + + +        A - +10 chain mail of Ashenzari's Generosity {rElec rF+ rN++ Str-2}
rPois   ∞            b - +0 helmet
rElec   +            (no cloak)
rCorr   .            (no gloves)
SInv    .            L - +1 pair of boots
Will    .....        (no amulet) Stlth
                     h - ring of positive energy
HPRegen 0.30/turn    y - ring of protection from fire
MPRegen 0.12/turn

%: no passive effects
@: no status effects
A: sickness immunity, AC +7, negative energy resistance 1, electricity
resistance, torment resistance 1, petrification resistance
a: Renounce Religion, Heroism


You were on level 8 of the Dungeon.
You worshipped Okawaru.
Okawaru was aware of your devotion.
You visited 2 branches of the dungeon, and saw 9 of its levels.

You collected 408 gold pieces.

Inventory:

Hand Weapons
 a - a +0 flail (weapon)
 f - the +7 flail of Imminent Death {heavy, Str+3}
   (You found it on level 8 of the Dungeon)

   Str+3:     It affects your strength (+3).
 B - a +0 morningstar
Missiles
 e - 4 atropa-tipped darts
 g - 21 poisoned darts
Armour
 b - a +0 helmet (worn)
 c - a +0 buckler (worn)
 A - the +10 chain mail of Ashenzari's Generosity (worn) {rElec rF+ rN++ Str-2}
   (You found it on level 6 of the Dungeon)

   Str-2:     It affects your strength (-2).
   rF+:       It protects you from fire.
   rElec:     It insulates you from electricity.
   rN++:      It greatly protects you from negative energy.
 L - a +1 pair of boots (worn)
Jewellery
 h - a ring of positive energy (left hand)
 s - a ring of positive energy
 y - a ring of protection from fire (right hand)
Scrolls
 l - 9 scrolls of identify {unknown}
 m - 5 scrolls of vulnerability {unknown}
 n - 3 scrolls of poison {unknown}
 p - a scroll of enchant armour {unknown}
 t - a scroll of amnesia {unknown}
 v - a scroll of acquirement {unknown}
 w - 2 scrolls of revelation {unknown}
 x - 6 scrolls of teleportation {unknown}
 C - a scroll of enchant weapon {unknown}
 D - a scroll of blinking {unknown}
 E - a scroll of noise {unknown}
 F - a scroll of fear {unknown}
 I - a scroll of fog {unknown}
Potions
 d - 3 potions of might
 i - 4 potions of attraction {unknown}
 j - a potion of invisibility {unknown}
 k - 3 potions of lignification {unknown}
 o - a potion of curing {unknown}
 q - 2 potions of haste {unknown}
 r - 3 potions of heal wounds {unknown}
 u - 3 potions of degeneration {unknown}
 z - 2 potions of resistance {unknown}
 G - a potion of brilliance {unknown}
 H - a potion of enlightenment {unknown}
 J - a potion of magic {unknown}
 K - a potion of berserk rage {unknown}


   Skills:
 + Level 7.0 Fighting
 + Level 9.6 Maces & Flails
 + Level 7.2 Armour
 + Level 2.7 Dodging
 + Level 1.1 Stealth
 + Level 5.9 Shields


You had 9 spell levels left.
You didn't know any spells.
Your spell library contained the following spells:

 Spells                   Type           Power      Damage    Failure   Level
 Necrotise                Necr           0%         1d4       95%         1
 Slow                     Hex            0%         N/A       95%         1
 Blink                    Tloc           0%         N/A       99%         2
 Confusing Touch          Hex            0%         N/A       100%        3
 Vampiric Draining        Necr           0%         2d6       100%        3
 Manifold Assault         Tloc           0%         N/A       100%        4
 Agony                    Necr           0%         N/A       100%        5
 Iskenderun's Battlesphe  Conj           0%         2d6       100%        5
 Dispersal                Tloc           0%         N/A       100%        6
 Eringya's Noxious Bog    Tmut/Pois      0%         4d6       100%        6
 Leda's Unmaking          Conj/Erth      0%         9d1       100%        6
 Disjunction              Tloc           0%         N/A       100%        8
 Summon Forest            Summ/Tloc      Unusable   N/A       N/A         5
 Spellforged Servitor     Conj/Summ      Unusable   N/A       N/A         7
 Summon Hydra             Summ           Unusable   N/A       N/A         7

Dungeon Overview and Level Annotations

Branches:
Dungeon (8/15)             Temple (1/1) D:5
   Lair: D:8-11

Altars:
Ashenzari
Cheibriados
Dithmenos
Elyvilon
Fedhas
Gozag
Hepliaklqana
Kikubaaqudgha
Makhleb
Nemelex Xobeh
Okawaru
Qazlal
Ru
Trog
Uskayaw
Vehumet
Wu Jian
Xom
Yredelemnul
Zin
The Shining One

Annotations:
D:3 1 runed translucent door, Seven7's ghost, amateur MiFi


Innate Abilities, Weirdness & Mutations

You are immune to sickness and miasma.
Your stone body is resilient. (AC +7)
You are immune to poison.
You resist negative energy. (rN+)
You are resistant to electric shocks. (rElec)
You are resistant to unholy torment.
You are immune to petrification.


Message History

You sock the yak!
The yak is heavily wounded.
The yak gores you.
* * * LOW HITPOINT WARNING * * *
You barely miss the yak.
The yak is heavily wounded.
The yak closely misses you.
You sock the yak!
The yak is severely wounded.
You block the yak's attack.
You hit the yak but do no damage.
The yak is severely wounded.
You block the yak's attack.
You sock the yak!
The yak is almost dead.
The yak gores you but does no damage.
You barely miss the yak.
The yak is almost dead.
The yak gores you but does no damage.
You completely miss the yak.
The yak is almost dead.
The yak gores you but does no damage.
You hit the yak.
The yak is almost dead.
The yak gores you but does no damage.
You barely miss the yak.
The yak is almost dead.
The yak barely misses you.
You hit the yak.
The yak is almost dead.
You block the yak's attack.
You hit the yak but do no damage.
The yak is almost dead.
The yak gores you but does no damage.
You closely miss the yak.
The yak is almost dead.
You closely miss the yak.
The yak is almost dead.
The yak gores you!
You die...

#..........#
#..........#
#..........#
#....Y.....# ##
#.###### ..###..Y...#
............#
...>#.......##########
###.#.......YY@).....#
#.#.......########.#
#.#.......# #....#
#.#.......# #.####
#)#..####.# #.# #.#..#
#.# #.# ####'#..####.#
#.# #..........#.# #.#
#..........# #.#


You could see 2 yaks.

Vanquished Creatures
  9 yaks
  A steam dragon (D:6)
  2 water moccasins
  A sky beast (D:7)
  An ogre (D:4)
  A black bear (D:5)
  A phantom (D:4)
  A centaur (D:7)
  5 scorpions
  3 wights (D:8)
  3 electric eels (D:7)
  A howler monkey (D:5)
  2 jellies
  4 hounds (D:6)
  An orc priest (D:6)
  5 iguanas
  2 orc wizards (D:6)
  8 gnolls
  7 adders
  A white imp (D:6)
  An ufetubus (D:4)
  3 worms (D:5)
  5 dart slugs
  10 orcs
  4 bats
  9 endoplasms
  2 giant cockroaches
  9 goblins
  3 hobgoblins
  4 jackals (D:4)
  3 quokkas
  4 ball pythons
  3 frilled lizards
  9 kobolds
  5 rats
133 creatures vanquished.

Notes
Turn   | Place    | Note
-------+----------+-------------------------------------------
     0 | D:1      | AdnanSaban the Gargoyle Fighter began the quest for the
                  | Orb.
     0 | D:1      | Reached XP level 1. HP: 14/14 MP: 1/1
   139 | D:1      | Reached XP level 2. HP: 16/19 MP: 2/2
   668 | D:1      | Reached XP level 3. HP: 24/24 MP: 3/3
  1492 | D:1      | Reached skill level 3 in Maces & Flails
  1492 | D:1      | Reached XP level 4. HP: 28/29 MP: 4/4
  1651 | D:2      | Found a hide-covered altar of Uskayaw.
  1971 | D:3      | Found a runed translucent door.
  2015 | D:3      | Reached XP level 5. HP: 29/33 MP: 5/5
  2479 | D:3      | Noticed Seven7's ghost (amateur MiFi)
  2497 | D:4      | Noticed an ogre
  2507 | D:4      | Killed an ogre
  2508 | D:4      | Reached skill level 4 in Maces & Flails
  2642 | D:4      | Noticed a phantom
  2655 | D:4      | Killed a phantom
  2656 | D:4      | Reached XP level 6. HP: 39/39 MP: 6/6
  2682 | D:4      | You fall into a shaft and drop 2 floors!
  2714 | D:6      | Reached skill level 5 in Maces & Flails
  2714 | D:6      | Reached XP level 7. HP: 42/44 MP: 7/7
  2833 | D:6      | Reached skill level 1 in Dodging
  2867 | D:6      | Identified the +10 chain mail of Ashenzari's Generosity
                  | {rElec rF+ rN++ Str-2}
  2965 | D:5      | Entered Level 5 of the Dungeon
  3011 | D:5      | Noticed a yak
  3011 | D:5      | Noticed a yak
  3011 | D:5      | Noticed a yak
  3011 | D:5      | Noticed a yak
  3013 | D:5      | Noticed a yak
  3039 | D:6      | HP: 1/44 [yak (8)]
  3045 | D:6      | HP: 1/44 [yak (2)]
  3046 | D:6      | Killed a yak
  3047 | D:6      | Reached skill level 5 in Fighting
  3047 | D:6      | Reached skill level 6 in Maces & Flails
  3047 | D:6      | Reached skill level 5 in Armour
  3437 | D:6      | Reached XP level 8. HP: 31/49 MP: 8/8
  3569 | D:6      | Found a radiant altar of Vehumet.
  3747 | D:6      | Reached skill level 7 in Maces & Flails
  4239 | D:5      | Found a glowing golden altar of the Shining One.
  4699 | D:4      | Found a white marble altar of Elyvilon.
  4699 | D:4      | Found a burning altar of Makhleb.
  4971 | D:5      | Found a staircase to the Ecumenical Temple.
  4985 | D:5      | Reached skill level 5 in Shields
  4995 | Temple   | Entered the Ecumenical Temple
  5019 | D:5      | Identified the +3 rapier of the Soothsayer {spect, rPois
                  | Stlth+}
  5067 | D:5      | Killed a yak
  5068 | D:5      | Reached skill level 8 in Maces & Flails
  5079 | D:5      | Killed a yak
  5080 | D:5      | Reached XP level 9. HP: 54/55 MP: 9/9
  5389 | D:7      | Reached skill level 9 in Maces & Flails
  5389 | D:7      | Reached skill level 1 in Stealth
  5613 | D:7      | Found an iron altar of Okawaru.
  5613 | D:7      | Found a hide-covered altar of Uskayaw.
  5647 | D:7      | Became a worshipper of Warmaster Okawaru
  5692 | D:7      | Found an opulent altar of Gozag.
  6215 | D:8      | Identified the +7 flail of Imminent Death {heavy, Str+3}
  6612 | D:8      | Reached * piety under Okawaru
  6659 | D:8      | Reached XP level 10. HP: 5/63 MP: 10/10
  6660 | D:8      | HP: 3/63 [yak (3)]
  6672 | D:8      | Slain by a yak

Illustrated notes

Levels and vault maps discovered:
D:1:      dpeg_arrival_arbitrary_c, layout_basic, minmay_cupped
D:2:      layout_loops_corners, basic_altar
D:3:      layout_loops_ring, ebering_ghost_sewer_d
D:4:      layout_basic, amethyst_overflow_temple_binary
D:5:      layout_rooms, tso_metal_star, minmay_temple_entry_slanted
D:6:      minmay_spotlight, layout_basic, mainiacjoe_overflow_surrounded_room
D:7:      layout_rooms, nicolae_overflow_two_pavilions, grunt_gozag_breadcrumbs,
          serial_bayou_ford_a
D:8:      layout_basic
Temple:   minmay_temple_curvy_branch

Skill      XL: |  1  2  3  4  5  6  7  8  9 |
---------------+----------------------------+-----
Maces & Flails | 3 4 5 6 8 9 |  9.6
Fighting       | 4 5 7 |  7.0
Shields        | 4 5 |  5.9
Armour         | 4 5 7 |  7.2
Dodging        | 1 2 |  2.7
Stealth        | 1 |  1.1

Action                     |  1- 3 |  4- 6 |  7- 9 | 10-12 || total
---------------------------+-------+-------+-------+-------++-------
  Melee: Flail             |   115 |    96 |   542 |    14 ||   767
 Armour: Scale mail        |    25 |       |       |       ||    25
         Chain mail        |    34 |    70 |   379 |     5 ||   488
  Dodge: Dodged            |    48 |    37 |   215 |     2 ||   302
  Block: Buckler           |    25 |    21 |   110 |     4 ||   160

Table legend: (Time is in decaauts)
 A = Elapsed time spent in this place.
 B = Non-inter-level travel time spent in this place.
 C = Inter-level travel time spent in this place.
 D = Time resting spent in this place.
 E = Time spent auto-exploring this place.
 F = Levels seen in this place.
 G = Mean time per level.
                   A        B        C        D        E       F      G
               +--------+--------+--------+--------+--------+-----+--------+
         Total |   6759 |   6310 |    449 |    165 |   4651 |   9 |  751.0 |
       Dungeon |   6757 |   6308 |    449 |    165 |   4651 |   8 |  844.6 |
        Temple |      1 |      1 |      0 |      0 |      0 |   1 |    1.0 |
               +--------+--------+--------+--------+--------+-----+--------+

Top non-repeatable levels by time:
     D:6: 1528 daAuts
     D:2: 1015 daAuts
     D:1: 904 daAuts
     D:7: 773 daAuts
     D:4: 768 daAuts
     D:3: 627 daAuts
     D:5: 608 daAuts
     D:8: 531 daAuts
  Temple: 1 daAuts
